 Dungeon Crawl Stone Soup version bcrawl-1.17.3 (webtiles) character file.

Game seed: 10723691101774404374

305 Mrkan the Cutter (level 6, 0/53 HPs)
             Began as a Minotaur Archaeologist on Oct 26, 2019.
             Was an Initiate of Gozag.
             Succumbed to a worker ant's poison
             ... on level 4 of the Dungeon.
             The game lasted 00:07:29 (3582 turns).

Mrkan the Cutter (Minotaur Archaeologist)           Turns: 3582, Time: 00:07:29

Health: 0/53       AC:  9    Str: 18    XL:     6   Next: 16%
Magic:  5/5        EV:  8    Int: 11    God:    Gozag
Gold:   235        SH:  8    Dex:  8    Spells: 5/5 levels left

rFire    . . .     SeeInvis .   a - +0 whip
rCold    . . .     Gourm    .   n - +0 shield
rNeg     . . .     Faith    .   q - +0 scale mail
rPois    .         Spirit   .   c - +1 hat
rElec    .         Reflect  .   (no cloak)
rCorr    .         Harm     .   (no gloves)
MR       .....                  d - +1 pair of boots
Stlth    ..........             (no amulet)
HPRegen  0.17/turn              (no ring)
MPRegen  0.09/turn              (no ring)

@: lethally poisoned (0 -> -11), studying Short Blades
A: retaliatory headbutt, horns 2
a: Potion Petition, Call Merchant, Bribe Branch, Renounce Religion


You were on level 4 of the Dungeon.
You worshipped Gozag.
Gozag was aware of your devotion.
You were not hungry.

You visited 1 branch of the dungeon, and saw 4 of its levels.

You collected 345 gold pieces.
You paid 110 gold pieces to Gozag.

Inventory:

Hand Weapons
 a - a +0 whip (weapon)
Armour
 b - a +1 robe
 c - a +1 hat (worn)
 d - a +1 pair of boots (worn)
 n - a +0 shield (worn)
 q - a +0 scale mail (worn)
 y - a +0 large shield
Jewellery
 j - a +3 ring of intelligence {unknown}
 r - a +3 ring of strength {unknown}
 x - an uncursed amulet of faith {unknown}
 D - an uncursed amulet of the acrobat {unknown}
Scrolls
 h - 3 scrolls of remove curse {unknown}
 i - a scroll of noise {unknown}
 l - 2 scrolls of enchant armour {unknown}
 o - 6 scrolls of identify {unknown}
 p - a scroll of immolation {unknown}
 w - 2 scrolls of teleportation {unknown}
Potions
 k - a potion of haste {unknown}
 m - a potion of brilliance {unknown}
 s - a potion of degeneration {unknown}
 t - a potion of curing {unknown}
 u - 2 potions of lignification {unknown}
 v - 2 potions of agility {unknown}
 z - 2 potions of flight {unknown}
 A - a potion of invisibility {unknown}
 C - a potion of cancellation {unknown}
Books
 e - a manual of Short Blades
Miscellaneous
 f - an ancient crate
Comestibles
 g - 9 rations {!d}
 B - a chunk of flesh


   Skills:
 + Level 4.4 Fighting
 + Level 4.6 Short Blades
 - Level 2.3 Maces & Flails
 - Level 3.2 Dodging
 - Level 2.6 Stealth
 + Level 3.4 Shields
 - Level 1.2 Evocations


You had 5 spell levels left.
You didn't know any spells.
Your spell library was empty.

Dungeon Overview and Level Annotations

Branches:
Dungeon (4/12)
 Temple: D:4-7

Altars:
Fedhas
Gozag
Makhleb
Ru
Zin


Innate Abilities, Weirdness & Mutations

You reflexively headbutt those who attack you in melee.
You have a pair of horns on your head.


Message History

You feel sick.
The worker ant bites you but does no damage.
You barely miss the worker ant. You headbutt the worker ant.
The worker ant is heavily wounded.
* * * LOW HITPOINT WARNING * * *
You feel sick. The worker ant bites you.
* * * LOW HITPOINT WARNING * * *
You are more poisoned.
The worker ant poisons you!
Your scale mail prevents you from hitting the worker ant.
The worker ant is heavily wounded.
* * * LOW HITPOINT WARNING * * *
You feel sick.
The worker ant bites you but does no damage.
The phantom blinks!
The worker ant bites you but does no damage.
You closely miss the worker ant.
The worker ant is heavily wounded.
You die...
Your body crumbles into a pile of gold.

########
#########.##...## ##
#.........@a....## .#
########.###.....#
#.## #.###.....# #..
#..##......# #.
#..###.....$# #. #..#
#.......######. #..#
#.............. #..#
#.............#
##..####...........##


You could see a worker ant.

Vanquished Creatures
  A scorpion (D:4)
  An orc priest (D:4)
  A bullfrog skeleton (D:4)
  2 orc wizards
  A worker ant (D:4)
  3 adders (D:3)
  6 worms
  2 dart slugs
  7 leopard geckos
  6 orcs
  2 ball pythons
  4 bats
  A giant cockroach (D:3)
  5 goblins
  3 hobgoblins
  2 jackals (D:3)
  5 kobolds
  4 quokkas
  6 frilled lizards
  5 rats
67 creatures vanquished.

Notes
Turn   | Place    | Note
-------+----------+-------------------------------------------
     0 | D:1      | Mrkan the Minotaur Archaeologist began the quest for the
                  | Orb.
     0 | D:1      | Reached XP level 1. HP: 16/16 MP: 0/0
   128 | D:1      | Reached XP level 2. HP: 20/24 MP: 1/1
   484 | D:2      | Reached skill level 1 in Evocations
   602 | D:2      | Reached XP level 3. HP: 26/30 MP: 2/2
  1371 | D:2      | Reached skill level 1 in Short Blades
  1696 | D:3      | Reached skill level 1 in Shields
  1696 | D:3      | Reached XP level 4. HP: 35/38 MP: 3/3
  2588 | D:4      | Reached XP level 5. HP: 25/46 MP: 4/4
  3290 | D:4      | Reached XP level 6. HP: 47/53 MP: 5/5
  3385 | D:4      | Found a burning altar of Makhleb.
  3391 | D:4      | Found a sacrificial altar of Ru.
  3394 | D:4      | Found an opulent altar of Gozag.
  3395 | D:4      | Found a glowing silver altar of Zin.
  3396 | D:4      | Found a blossoming altar of Fedhas.
  3407 | D:4      | Became a worshipper of Gozag Ym Sagoz the Greedy
  3581 | D:4      | HP: 1/53 [poisoned by a worker ant]
  3582 | D:4      | Succumbed to a worker ant's poison

Skill      XL: |  1  2  3  4  5 |
---------------+----------------+-----
Fighting       | 2 3 4 |  4.4
Maces & Flails | 2 |  2.3
Evocations     | 1 |  1.2
Short Blades   | 2 3 4 |  4.6
Shields        | 1 2 3 |  3.4
Dodging        | |  3.2
Stealth        | |  2.6

Action                   |  1- 3 |  4- 6 || total
-------------------------+-------+-------++-------
Melee: Whip              |    98 |   183 ||   281
       Headbutt          |    11 |    17 ||    28
  Use: Potion            |       |     2 ||     2
 Stab: Sleeping          |     8 |     2 ||    10
  Eat: Chunk             |     2 |     3 ||     5
       Ration            |       |     1 ||     1
Armor: Robe              |    18 |    15 ||    33
       Scale mail        |       |    13 ||    13
Dodge: Dodged            |    51 |    49 ||   100
Block: Shield            |    18 |    58 ||    76
